 Dungeon Crawl Stone Soup version 0.13-a0-2477-geaae114 (webtiles) character file.

127 Gabry the Covered (level 3, -8/33 HPs)
             Began as a Hill Orc Fighter on July 19, 2013.
             Was an Initiate of Ashenzari.
             Mangled by a gnoll
             ... wielding a +0,+0 flail
              (12 damage)
             ... on Level 2 of the Dungeon.
             The game lasted 00:08:00 (844 turns).

Gabry the Covered (Hill Orc Fighter)                 Turns: 844, Time: 00:08:00

HP  -8/33        AC  7     Str 18      XL: 3   Next: 75%
MP   2/2         EV  6     Int  8      God: Ashenzari [......]
Gold 78          SH 19     Dex 11      Spells:  0 memorised,  2 levels left

Res.Fire  : . . .   See Invis. : .   a - +0 orc mace
Res.Cold  : . . .   Warding    : .   b - +0 orc scale mail
Life Prot.: . . .   Conserve   : .   c - +0 orc shield
Res.Poison: .       Res.Corr.  : .   (no helmet)
Res.Elec. : .       Clarity    : .   (no cloak)
Sust.Abil.: . .     Spirit.Shd : .   (no gloves)
Res.Mut.  : .       Stasis     : .   (no boots)
Res.Rott. : .       Flight     : .   (no amulet)
Saprovore : + . .                    (no ring)
                                     (no ring)

@: not resistant to hostile enchantments, extremely unstealthy
A: saprovore 1
a: Renounce Religion


You were on level 2 of the Dungeon.
You worshipped Ashenzari.
Ashenzari was noncommittal.
You were not hungry.

You visited 1 branch of the dungeon, and saw 3 of its levels.

You collected 58 gold pieces.

Inventory:

Hand weapons
 a - a +0,+0 orcish mace (weapon)
 e - a +0,+0 orcish club
 f - a +1,+0 dwarven vampiric hand axe (quivered)
 p - a +0,+1 orcish club
Armour
 b - a +0 orcish scale mail (worn)
 c - a +0 orcish shield (worn)
Magical devices
 o - a wand of confusion (10) {unknown}
Comestibles
 d - 2 meat rations
 g - a bread ration
 i - a cheese
 n - a pear
Scrolls
 h - a scroll of teleportation {unknown}
 j - a scroll of amnesia {unknown}
 k - a scroll of identify {unknown}
 m - a scroll of enchant armour {unknown}
Potions
 l - a potion of heal wounds {unknown}


   Skills:
 + Level 4.0 Fighting
 + Level 2.5 Maces & Flails
 + Level 4.0 Armour
 + Level 0.5 Dodging
 + Level 3.7 Shields


You had 2 spell levels left.
You didn't know any spells.

Dungeon Overview and Level Annotations

Branches:
Dungeon (3/27)

Altars:
Ashenzari


Innate Abilities, Weirdness & Mutations

You can tolerate rotten meat.


Message History

The gnoll hits you but does no damage.
There is a stone staircase leading up here.
You climb upwards.
There is a stone staircase leading down here.
You climb downwards.
You block the gnoll's attack. The gnoll completely misses you.
You block the gnoll's attack.
There is a stone staircase leading up here.
The gnoll hits you with a flail.
* * * LOW HITPOINT WARNING * * *
The gnoll hits you from afar with a spear.
* * * LOW HITPOINT WARNING * * *
You block the gnoll's attack.
You climb upwards.
There is a stone staircase leading down here.
The gnoll hits you from afar with a spear.
* * * LOW HITPOINT WARNING * * *
You hit the gnoll.
The gnoll is moderately wounded.
The gnoll hits you with a flail!
You die...

..............#........###
#'##.##..#...........#....
.........#...........#.....
...........................
...#...#.##..........##+###
............>..............
.......#.##....#.#.........
.......#.##....#.#.........
....).........gg@..........
.......#.##....#.#......##.
#####..#.##....#.#.#..#.#
............[.........#...
.........###...#..##..#
#####.##.# #####......#
#.#### #.###..# #.# #.# .#
#.# #.# #


You could see 2 gnolls.

Vanquished Creatures
  A giant mite (D:3)
  A giant gecko (D:2)
  2 ball pythons (D:2)
  3 giant cockroaches
  2 goblins (D:3)
  5 hobgoblins
  6 jackals (D:2)
  5 kobolds
  A quokka (D:2)
  4 bats
  4 giant newts
  3 rats
37 creatures vanquished.

Notes
Turn   | Place    | Note
--------------------------------------------------------------
     0 | D:1      | Gabry, the Hill Orc Fighter, began the quest for the Orb.
     0 | D:1      | Reached XP level 1. HP: 19/19 MP: 0/0
   134 | D:1      | Reached XP level 2. HP: 26/26 MP: 1/1
   358 | D:2      | Reached XP level 3. HP: 24/33 MP: 2/2
   376 | D:2      | Found a shattered altar of Ashenzari.
   382 | D:2      | Became a worshipper of Ashenzari the Shackled
   762 | D:3      | Reached skill level 4 in Armour
   844 | D:2      | Mangled by a gnoll

Action                   || total
-------------------------++-------
Melee: Mace              ||   131
  Use: Potion            ||     1
